[Event "-chT Youth Countries 2019"]
[Site "Wuerzburg"]
[Date "2019.10.06"]
[Round "7.4"]
[White "Jacoby, Angelina"]
[Black "Muller, Magnus"]
[Result "0-1"]
[ECO "A45"]
[WhiteElo "1635"]
[BlackElo "1478"]
[Annotator "NA RC"]
[PlyCount "46"]
[EventDate "2019.10.02"]
[EventType "team-tourn"]
[EventRounds "7"]
[EventCountry "GER"]
[SourceTitle "playchess.com"]
[Source "ChessBase"]
[SourceQuality "1"]
[WhiteTeam "Brandenburg/Berlin"]
[BlackTeam "Thüringen"]
[TimeControl "40/5400+30:1800+30"]

1. d4 Nf6 2. Bf4 d5 3. e3 c5 4. c3 Nc6 5. Nf3 Qb6 6. Qb3 c4 7. Qxb6 axb6 8. Na3 e5 9. dxe5 Bxa3 10. bxa3 Ne4 11. Rc1 Rxa3 12. Nd4 Nxc3 13. Rc2 Nxd4 14. exd4 Bf5 15. Rb2 Rxa2 16. Rxa2 Nxa2 17. Kd2 b5 18. g3 b4 19. Bg2 Be6 20. Be3 b3 21. f3 c3+ 22. Ke2 c2 23. Kd3 Bf5+ {[%emt 0:00:06] normal} 0-1

[Event "-chT Youth Countries 2019"]
[Site "Wuerzburg"]
[Date "2019.10.06"]
[Round "7.5"]
[White "Haack, Kevin"]
[Black "Lederer, Leia"]
[Result "1/2-1/2"]
[ECO "A38"]
[WhiteElo "2044"]
[BlackElo "1750"]
[Annotator "NA"]
[PlyCount "121"]
[EventDate "2019.10.02"]
[EventType "team-tourn"]
[EventRounds "7"]
[EventCountry "GER"]
[SourceTitle "playchess.com"]
[Source "ChessBase"]
[SourceQuality "1"]
[WhiteTeam "Hessen"]
[BlackTeam "Team Süd"]
[TimeControl "40/5400+30:1800+30"]

1. c4 c5 2. Nc3 Nc6 3. Nf3 Nf6 4. g3 g6 {[%emt 0:00:32] unterminated} 5. Bg2 Bg7 6. a3 d6 7. Rb1 a5 8. O-O O-O 9. d4 {[%emt 0:05:26] A38: Symmetrical English vs ...g6: 4 Bg2 Bg7 5 Nf3 Nf6} (9. d3 Bd7 10. Ne1 Ne8 11. Nc2 Nc7 12. Bd2 Rb8 13. b4 axb4 14. axb4 Nxb4 15. Nxb4 cxb4 16. Rxb4 b5 17. cxb5 Nxb5 18. Nxb5 Rxb5 19. Rxb5 Bxb5 20. Qb3 Bd7 21. Qb7 Qc8 22. Qa7 Rd8 23. Bg5 Bf6 24. Bxf6 exf6 {1-0 (89) Kovalenko,I (2684)-Borisek,J (2565) chess.com INT 2017}) 9... Bf5 10. Ra1 cxd4 11. Nxd4 Nxd4 12. Qxd4 Ne4 13. Qe3 Nxc3 14. bxc3 Qc7 $146 ({Predecessor:} 14... Rc8 15. Bxb7 Rxc4 16. Bd2 Qc7 {0-1 (59) Yang,K-Tinica,G (1932) Montreal 2019}) 15. Bd2 Rab8 16. Rac1 Rfe8 17. Qf4 Be5 18. Qh4 Bf6 19. Qf4 e5 {[%emt 0:00:19] unterminated} 20. Qf3 {[%emt 0:04:01] unterminated} e4 {[%emt 0:03:22] unterminated} 21. Qe3 {[%emt 0:06:24] unterminated} Qxc4 22. Qb6 Qxe2 23. Be3 Be5 24. Qxa5 Rec8 25. Qb4 Qc4 26. Rfd1 Qxb4 27. cxb4 Rxc1 28. Rxc1 Bb2 29. Rb1 Bxa3 30. g4 Bxg4 31. Bxe4 Bf5 32. Bxf5 gxf5 33. Rb3 Ra8 34. Bh6 Kh8 35. Bf4 Ra6 36. Kf1 Kg7 37. Ke2 Kf6 38. Kd3 Ke6 39. Kd4 f6 40. Bd2 {[%emt 0:01:17] unterminated} h5 {[%emt 0:05:12] unterminated} 41. Rh3 $2 {[%emt 0:23:58] unterminated} (41. Re3+ $11 {and White has nothing to worry.} Kf7 42. Rb3) 41... Bb2+ 42. Kc4 {[%emt 0:00:39] unterminated} Rc6+ (42... d5+ $19 {and Black stays clearly on top.} 43. Kb5 Rc6 44. Re3+ Kd6) 43. Kb3 {[%emt 0:03:09] unterminated} Bd4 {[%emt 0:01:20] unterminated} 44. f3 d5 45. Rxh5 Bg1 46. h4 d4 47. Rh8 Rc7 {[%emt 0:00:54] unterminated} 48. h5 {[%emt 0:08:25] unterminated} Be3 {[%emt 0:07:44] unterminated} 49. Bxe3 {[%emt 0:08:55] unterminated} Rc3+ $2 (49... dxe3 $19 50. Re8+ Re7) 50. Kb2 Rxe3 {unterminated} 51. h6 Kf7 ({Wrong is} 51... Rxf3 $2 52. Re8+ Kd5 53. h7 $18) 52. Rb8 $11 Kg6 53. Rxb7 Kxh6 54. Rd7 d3 55. Kc3 d2+ 56. Kxd2 Rb3 57. Rd4 Rxf3 58. Rd3 Rf4 59. Rb3 Rd4+ 60. Ke3 Re4+ {[%emt 0:00:30] unterminated} 61. Kf3 {[%emt 0:00:15] normal} 1/2-1/2

[Event "-chT Youth Countries 2019"]
[Site "Wuerzburg"]
[Date "2019.10.06"]
[Round "7.5"]
[White "Arnhold, Steffi"]
[Black "Reitz, Theresa"]
[Result "1-0"]
[ECO "B42"]
[WhiteElo "2042"]
[BlackElo "1935"]
[Annotator "NA"]
[PlyCount "69"]
[EventDate "2019.10.02"]
[EventType "team-tourn"]
[EventRounds "7"]
[EventCountry "GER"]
[SourceTitle "playchess.com"]
[Source "ChessBase"]
[SourceQuality "1"]
[WhiteTeam "Sachsen"]
[BlackTeam "Rheinland-Pfalz"]
[TimeControl "40/5400+30:1800+30"]

1. e4 c5 2. Nf3 e6 3. d4 cxd4 4. Nxd4 a6 5. Bd3 Qc7 6. O-O Nf6 7. Nc3 Bc5 8. Nb3 Ba7 9. Qe2 {[%emt 0:01:27] B43: Sicilian: Kan Variation: 5 Nc3} Nc6 {[%emt 0:00:28] unterminated} 10. Kh1 h5 {[%emt 0:01:25] unterminated} 11. f4 d6 12. Be3 Bxe3 13. Qxe3 Bd7 {[%emt 0:00:33] unterminated [#] unterminated} 14. Be2 $146 {[%emt 0:19:39] unterminated} ({Predecessor:} 14. Rae1 O-O-O 15. Na4 Kb8 16. Nb6 Be8 {0-1 (34) Kadric,D (2543)-Caruana,F (2827) Batumi 2018}) 14... O-O-O {[%emt 0:08:51] unterminated} 15. Na4 ({White should try} 15. Qg3 $11) 15... Kb8 {[%emt 0:01:03] unterminated} 16. Nb6 {[%emt 0:01:32] unterminated} Be8 {[%emt 0:05:24] unterminated} 17. c3 {[%emt 0:09:00] unterminated} h4 {[%emt 0:03:47] unterminated} 18. Rad1 {[%emt 0:03:33] unterminated} Nxe4 {[%emt 0:05:38] unterminated} 19. Bf3 {[%emt 0:07:11] unterminated} f5 {[%emt 0:08:16] unterminated} 20. c4 {[%emt 0:07:18] unterminated} (20. Nc4 $142) 20... Bh5 {[%emt 0:06:03] unterminated} 21. Rc1 {[%emt 0:07:26] unterminated} Bxf3 22. gxf3 {[%emt 0:00:23] unterminated [#] unterminated} Nc5 $2 (22... Ng3+ $1 $19 23. Kg1 (23. hxg3 $2 hxg3+ 24. Kg2 Rh2+ 25. Kg1 Rdh8 $19) 23... Nxf1 24. Kxf1 d5 25. cxd5 exd5) 23. Nxc5 dxc5 {[%emt 0:00:06] unterminated} 24. Na4 {[%emt 0:04:55] unterminated} Nd4 25. Rcd1 {[%emt 0:01:53] unterminated} h3 {[%emt 0:04:27] unterminated} 26. b4 $19 Qc6 27. Nxc5 Nxf3 28. b5 Rxd1 29. Rxd1 axb5 30. cxb5 Qxb5 31. Nd7+ Ka8 32. Qxf3 Rd8 33. Qa3+ Qa6 34. Nb6+ Ka7 35. Qxa6+ {[%emt 0:00:05] normal} 1-0

[Event "-chT Youth Countries 2019"]
[Site "Wuerzburg"]
[Date "2019.10.06"]
[Round "7.5"]
[White "Nguyen, Ha Thanh"]
[Black "Schiewe, Nadin"]
[Result "1/2-1/2"]
[ECO "B13"]
[WhiteElo "1998"]
[BlackElo "1593"]
[Annotator "NA"]
[PlyCount "65"]
[EventDate "2019.10.02"]
[EventType "team-tourn"]
[EventRounds "7"]
[EventCountry "GER"]
[SourceTitle "playchess.com"]
[Source "ChessBase"]
[SourceQuality "1"]
[WhiteTeam "Thüringen"]
[BlackTeam "Brandenburg/Berlin"]
[TimeControl "40/5400+30:1800+30"]

1. e4 c6 2. d4 d5 3. exd5 cxd5 4. c4 Nf6 5. Nc3 {[%emt 0:00:48] unterminated} Nc6 $11 6. h3 Bf5 7. Nf3 e6 8. a3 a6 9. Be2 h6 10. O-O Be7 11. Be3 Rc8 12. c5 Ne4 13. Na4 Bg5 14. Qc1 Na5 15. Bxg5 hxg5 16. Qe3 g4 17. hxg4 Bxg4 18. Rfd1 Bxf3 19. Bxf3 Qh4 20. Kf1 Nc4 21. Qe1 Qf4 22. Ke2 Ng3+ 23. Kd3 Qf5+ 24. Kc3 Rh1 25. Qxh1 Nxh1 26. Rxh1 Qf4 27. Rad1 b5 28. b3 bxa4 29. bxc4 dxc4 30. Kxc4 Kd7 31. Rb1 Rb8 {[%emt 0:01:47] normal} 32. c6+ Ke7 33. Rb7+ {[%emt 0:01:21] normal} 1/2-1/2

[Event "-chT Youth Countries 2019"]
[Site "Wuerzburg"]
[Date "2019.10.06"]
[Round "7.5"]
[White "Hetzner, Hannes"]
[Black "Bashylina, Luisa"]
[Result "1-0"]
[ECO "C06"]
[WhiteElo "1996"]
[BlackElo "1933"]
[Annotator "NA"]
[PlyCount "119"]
[EventDate "2019.10.02"]
[EventType "team-tourn"]
[EventRounds "7"]
[EventCountry "GER"]
[SourceTitle "playchess.com"]
[Source "ChessBase"]
[SourceQuality "1"]
[WhiteTeam "Bayern 1"]
[BlackTeam "Nordrhein-Westfalen"]
[TimeControl "40/5400+30:1800+30"]

1. e4 e6 2. d4 d5 3. Nd2 Nf6 4. e5 Nfd7 5. Bd3 c5 6. c3 Nc6 7. Ne2 cxd4 8. cxd4 f6 9. exf6 Nxf6 10. O-O Bd6 11. Nf3 Qc7 12. h3 O-O 13. Be3 Bd7 {[%emt 0:01:41] unterminated} 14. Nc3 {[%emt 0:01:18] unterminated} a6 15. Re1 Rae8 {[%emt 0:01:55] unterminated} 16. Rc1 {[%emt 0:01:46] unterminated} Qb8 {[%emt 0:07:14] unterminated} 17. Bb1 Re7 {[%emt 0:03:37] unterminated} 18. a3 Be8 {[%emt 0:03:33] unterminated} 19. Nh4 {[%emt 0:13:48] unterminated} Bf4 {[%emt 0:08:12] unterminated} 20. Qd3 {[%emt 0:08:06] unterminated} g5 {[%emt 0:05:23] unterminated} 21. Nf3 {[%emt 0:08:10] unterminated} Bg6 22. Qd2 {[%emt 0:02:35] unterminated} Bxb1 {[%emt 0:04:44] unterminated} 23. Rxb1 Rg7 24. Nxg5 Bxg5 25. Bxg5 Nxd4 26. Qxd4 Rxg5 27. Qe3 Rg6 28. Qxe6+ Kh8 29. Qe5 Qc8 30. Kh1 Re8 31. Qd4 Reg8 32. Re3 Qf5 33. Rf3 Qe6 34. Rd1 Rd8 35. Qf4 Rdg8 36. Qd4 Rd8 37. Re3 {[%emt 0:00:46] unterminated} Qd6 38. Ne2 {[%emt 0:00:49] unterminated} Kg8 39. Ng3 {[%emt 0:01:21] unterminated} Qd7 40. Rde1 Rc8 $2 {[%emt 0:03:21] unterminated} (40... Ne4 41. Nxe4 dxe4) 41. Re6 Rc1 {[%emt 0:02:52] unterminated} 42. Qe3 ({Don't play} 42. Rxc1 Qxe6 43. Rc7 Rg7 $18) 42... Rxe1+ 43. Qxe1 {[%emt 0:00:07] unterminated} Kf7 44. Re5 d4 45. Nf5 Ng8 46. Qe4 d3 47. Qd5+ Qxd5 48. Rxd5 {[%emt 0:00:07] unterminated} Ke6 $18 (48... Rb6 $16) 49. Ne3 Nf6 50. Rxd3 Ne4 51. Kg1 h5 52. g3 Rf6 53. Nd1 Ke5 {[%emt 0:02:11] unterminated} 54. Kg2 {[%emt 0:04:06] unterminated} Rb6 55. Ne3 Ke6 56. b4 Rc6 57. f3 Nf6 58. g4 Rc8 59. Nf5 Nd5 60. Rxd5 {normal} 1-0

[Event "-chT Youth Countries 2019"]
[Site "Wuerzburg"]
[Date "2019.10.06"]
[Round "7.5"]
[White "Moenster, Madita"]
[Black "Farokhi, Keyvan"]
[Result "0-1"]
[ECO "C89"]
[WhiteElo "1916"]
[BlackElo "2018"]
[Annotator "NA"]
[PlyCount "106"]
[EventDate "2019.10.02"]
[EventType "team-tourn"]
[EventRounds "7"]
[EventCountry "GER"]
[SourceTitle "playchess.com"]
[Source "ChessBase"]
[SourceQuality "1"]
[WhiteTeam "Niedersachsen"]
[BlackTeam "Schleswig-Holstein"]
[TimeControl "40/5400+30:1800+30"]

1. e4 e5 2. Nf3 Nc6 3. Bb5 a6 4. Ba4 Nf6 5. O-O Be7 6. Re1 b5 7. Bb3 O-O 8. c3 d5 9. exd5 Nxd5 10. Nxe5 Nxe5 11. Rxe5 c6 12. d3 Bd6 13. Re1 Bf5 {[%emt 0:00:07] unterminated} 14. Nd2 {[%emt 0:06:30] C89: Closed Ruy Lopez: Marshall Attack} Nf4 {[%emt 0:00:10] unterminated [#] unterminated} 15. Nf3 $146 (15. Re3 $11) ({Predecessor:} 15. Ne4 Nxd3 16. Bg5 Qd7 17. Re3 Bxe4 18. Rxe4 Nxf2 19. Kxf2 Qf5+ 20. Kg1 Bxh2+ 21. Kxh2 Qxe4 {1-0 (36) Ivanchuk,V (2726)-Ding,L (2777) Huaian 2017}) 15... Nxd3 {[%emt 0:03:02] unterminated} 16. Re2 {[%emt 0:01:15] unterminated} Qc7 {[%emt 0:05:07] unterminated} 17. h3 Rad8 {[%emt 0:01:30] unterminated} 18. Qf1 {[%emt 0:15:01] unterminated} Nxc1 19. Qxc1 Bd3 {[%emt 0:01:01] unterminated} 20. Re1 Bf4 21. Qd1 {[%emt 0:01:10] unterminated} c5 22. Bc2 {[%emt 0:01:52] unterminated} Bc4 23. Qb1 g6 24. b3 Bd5 25. Be4 Be6 {[%emt 0:00:11] unterminated} 26. Qb2 f5 27. Bc2 {[%emt 0:03:41] unterminated} ({White must play} 27. Bd3 $1 $15) 27... Bd5 28. Bd1 {[%emt 0:01:29] [#] unterminated} (28. Rad1 $17) 28... Qg7 $1 29. b4 Bxf3 30. Bxf3 Bd2 {[%emt 0:00:15] unterminated} 31. bxc5 {[%emt 0:08:59] unterminated} Qxc3 32. Qb3+ Qxb3 33. axb3 Bxe1 34. Rxe1 Rc8 35. c6 Rc7 36. Rd1 a5 37. Rd4 Ra8 38. Rd7 Rxd7 39. cxd7 {[%emt 0:00:04] unterminated} Rd8 40. Bc6 b4 41. Kf1 Kf7 42. Ke2 Ke7 {[%emt 0:00:00] unterminated} 43. Ke3 Rxd7 {[%emt 0:00:00] unterminated} 44. h4 {[%emt 0:00:00] unterminated} Rd6 45. Bb5 {[%emt 0:00:00] unterminated} Kf6 {[%emt 0:00:00] unterminated} 46. f4 h6 $19 47. Kf3 Rd2 48. g4 fxg4+ 49. Kxg4 Rb2 50. Ba4 Ra2 51. Bb5 Ra3 52. Bc4 a4 53. bxa4 h5# {normal} 0-1

[Event "-chT Youth Countries 2019"]
[Site "Wuerzburg"]
[Date "2019.10.06"]
[Round "7.5"]
[White "Stockmann, Till"]
[Black "Zhou, Lepu Coco"]
[Result "0-1"]
[ECO "C77"]
[WhiteElo "1884"]
[BlackElo "1739"]
[Annotator "NA"]
[PlyCount "76"]
[EventDate "2019.10.02"]
[EventType "team-tourn"]
[EventRounds "7"]
[EventCountry "GER"]
[SourceTitle "playchess.com"]
[Source "ChessBase"]
[SourceQuality "1"]
[WhiteTeam "Sachsen-Anhalt"]
[BlackTeam "Berlin"]
[TimeControl "40/5400+30:1800+30"]

1. e4 e5 2. Nf3 Nc6 3. Bb5 a6 4. Ba4 Nf6 5. d4 exd4 6. O-O Be7 7. Re1 O-O {[%emt 0:01:03] unterminated} 8. e5 {[%emt 0:02:01] unterminated} Nd5 9. Nxd4 {[%emt 0:03:06] unterminated} b5 {[%emt 0:01:16] C84: Closed Ruy Lopez: Unusual White 6th moves} (9... Nb6 10. Bb3 d5 11. c3 f6 12. Nxc6 bxc6 13. Bf4 fxe5 14. Bxe5 Bc5 15. Bd4 Bd6 16. Nd2 Qh4 17. g3 {½-½ (40) Mamedov,R (2652)-Matlakov,M (2685) Khanty-Mansiysk 2014}) 10. Bb3 Nb6 {[%emt 0:01:10] unterminated} 11. Nf5 d5 12. exd6 Bxf5 $146 ({Predecessor:} 12... Bxd6 13. Nxd6 Qxd6 14. Qxd6 cxd6 15. Bf4 Bf5 16. Bxd6 Rfe8 17. Nd2 {½-½ (72) Skok,J (2079)-Miletic,D Nova Gorica 2001}) 13. dxe7 {[%emt 0:00:41] unterminated} Nxe7 {[%emt 0:00:36] unterminated} 14. Qf3 c5 15. Bg5 Re8 16. Bxf7+ Kxf7 17. Rxe7+ Rxe7 18. Qxf5+ Kg8 {[%emt 0:00:16] unterminated} 19. Nc3 {[%emt 0:00:25] unterminated} Qd7 20. Qxc5 Re6 21. f3 Nc4 {[%emt 0:00:53] unterminated} 22. b3 $17 (22. Rd1 $15 Rc8 23. Rxd7 Rxc5 24. Rd8+ Kf7 25. Bf4) 22... Re5 {[%emt 0:00:32] unterminated} 23. Qf2 Rxg5 24. bxc4 bxc4 25. Ne4 Rb5 26. c3 Qa7 27. Qxa7 Rxa7 28. Nd6 Rb2 29. Nxc4 Rc2 30. Nd6 Rxc3 31. Rb1 h6 32. h3 Rc2 33. a3 Rac7 34. Rb8+ Kh7 35. Ra8 Ra2 36. Rxa6 Rcc2 37. Rb6 Rxg2+ 38. Kh1 Rgd2 {[%emt 0:00:10] normal} 0-1

[Event "-chT Youth Countries 2019"]
[Site "Wuerzburg"]
[Date "2019.10.06"]
[Round "7.5"]
[White "Amato, Cristiano"]
[Black "Khamenya, Vitalia"]
[Result "0-1"]
[ECO "C71"]
[WhiteElo "1746"]
[BlackElo "1908"]
[Annotator "NA"]
[PlyCount "80"]
[EventDate "2019.10.02"]
[EventType "team-tourn"]
[EventRounds "7"]
[EventCountry "GER"]
[SourceTitle "playchess.com"]
[Source "ChessBase"]
[SourceQuality "1"]
[WhiteTeam "Baden 2"]
[BlackTeam "Bayern 2"]
[TimeControl "40/5400+30:1800+30"]

1. e4 e5 2. Nf3 Nc6 3. Bb5 a6 4. Ba4 d6 5. d4 b5 6. Bb3 Nxd4 7. Nxd4 exd4 8. Qxd4 c5 {[%emt 0:00:12] C71: Ruy Lopez: Deferred Steinitz Variation, sidelines} 9. Qd5 (9. Qd3 c4 10. Bxc4 bxc4 11. Qxc4 Be6 12. Qe2 Nf6 13. O-O Be7 14. c4 Qb6 15. Nc3 Qd4 16. Nd5 Bxd5 17. exd5 {0-1 (27) Ruiz Castillo,J (2501)-Arizmendi Martinez,J (2512) Escaldes 2019}) 9... Be6 10. Qc6+ Bd7 11. Qd5 c4 12. Bxc4 bxc4 13. Qxc4 Nf6 14. Nc3 Be7 15. Bf4 O-O 16. Rd1 Be6 $146 17. Qd3 Qb6 18. b3 {[%emt 0:01:06] unterminated} Rfd8 19. Bg5 {[%emt 0:01:55] [#] unterminated} Ng4 $1 20. Be3 $19 Nxe3 21. Qxe3 Qxe3+ 22. fxe3 Rac8 23. Kd2 d5 24. exd5 Bb4 25. Kc1 Bg4 26. Rd4 Bxc3 27. Rxg4 Rxd5 28. Rd1 Bb2+ 29. Kxb2 Rxd1 30. Rd4 Rxd4 31. exd4 Kf8 32. c4 f5 33. Kc3 g5 34. Kd3 Re8 35. d5 f4 36. d6 g4 37. c5 f3 38. gxf3 gxf3 39. d7 Rd8 40. Ke3 Rxd7 {[%emt 0:00:30] normal} 0-1

[Event "-chT Youth Countries 2019"]
[Site "Wuerzburg"]
[Date "2019.10.06"]
[Round "7.5"]
[White "Unbehend, Marius"]
[Black "Kobald, Jacqueline"]
[Result "0-1"]
[ECO "B21"]
[WhiteElo "1461"]
[BlackElo "1884"]
[Annotator "NA"]
[PlyCount "120"]
[EventDate "2019.10.02"]
[EventType "team-tourn"]
[EventRounds "7"]
[EventCountry "GER"]
[SourceTitle "playchess.com"]
[Source "ChessBase"]
[SourceQuality "1"]
[WhiteTeam "Saarland"]
[BlackTeam "Württemberg"]
[TimeControl "40/5400+30:1800+30"]

1. e4 c5 2. d4 cxd4 3. c3 Nf6 4. e5 Nd5 5. Nf3 e6 6. Bc4 Nb6 7. Bb3 Be7 8. O-O O-O 9. cxd4 d6 10. Qe2 Nc6 11. Nc3 a6 12. Bf4 Qc7 13. Rfd1 Nd7 14. Bg3 dxe5 15. dxe5 Nc5 16. Bc2 b5 17. Rac1 Bb7 18. h4 Rad8 19. Bb1 Qb6 20. h5 Rxd1+ 21. Rxd1 Rd8 22. Rxd8+ Qxd8 23. Qc2 g6 24. hxg6 hxg6 25. Qe2 Nd4 26. Nxd4 Qxd4 27. a3 Kg7 28. Kh2 Bh4 29. Bxh4 Qxh4+ 30. Kg1 Qg5 31. f3 Nd7 32. Be4 Bxe4 33. Qxe4 Qxe5 34. Qc2 Qd4+ 35. Kh1 Ne5 36. Ne4 Nc4 37. Nc3 Qd2 38. Qxd2 Nxd2 39. b4 Kf6 40. a4 bxa4 41. Nxa4 Nb3 42. Nc3 Ke5 43. b5 a5 44. Na4 Kd6 45. Kg1 Nc5 46. Nc3 a4 47. Kf2 a3 48. Ke2 Na4 49. Na2 Kc5 50. b6 Nxb6 51. Kd3 Nd5 52. g3 Nb4+ 53. Nxb4 Kxb4 54. Kc2 Kc4 55. f4 f6 56. Kb1 Kb3 57. Ka1 e5 58. fxe5 fxe5 59. g4 e4 60. g5 e3 {[%emt 0:00:00] normal} 0-1

[Event "-chT Youth Countries 2019"]
[Site "Wuerzburg"]
[Date "2019.10.06"]
[Round "7.6"]
[White "Muedder, Melanie"]
[Black "Costa, Leonardo"]
[Result "1/2-1/2"]
[ECO "B06"]
[WhiteElo "1964"]
[BlackElo "1959"]
[Annotator "NA"]
[PlyCount "109"]
[EventDate "2019.10.02"]
[EventType "team-tourn"]
[EventRounds "7"]
[EventCountry "GER"]
[SourceTitle "playchess.com"]
[Source "ChessBase"]
[SourceQuality "1"]
[WhiteTeam "Nordrhein-Westfalen"]
[BlackTeam "Bayern 1"]
[TimeControl "40/5400+30:1800+30"]

1. e4 g6 2. d4 Bg7 3. Be3 d6 4. Nc3 a6 5. a4 {[%emt 0:00:44] unterminated} b6 {[%emt 0:01:07] unterminated} 6. Bc4 {[%emt 0:07:39] unterminated} e6 {[%emt 0:03:17] B06: Modern Defence} 7. f4 {[%emt 0:02:35] unterminated} Bb7 {[%emt 0:04:05] unterminated} 8. Qf3 $146 ({Predecessor:} 8. Be2 Nd7 9. Bf3 Ne7 10. e5 Qc8 11. Bxb7 Qxb7 12. Qf3 O-O-O {0-1 (70) Cherniaev,A (2417)-Kokarev,D (2603) Voronezh 2018}) 8... Nf6 {[%emt 0:04:15] unterminated} 9. Nh3 {[%emt 0:09:32] unterminated} Nbd7 {[%emt 0:09:59] unterminated} 10. Nf2 {[%emt 0:09:34] unterminated} c5 {[%emt 0:11:44] unterminated} 11. Rd1 {[%emt 0:09:03] unterminated} Qc7 {[%emt 0:07:07] unterminated} 12. Qe2 {[%emt 0:03:41] unterminated} O-O {[%emt 0:09:26] unterminated} 13. O-O (13. Bb3 $11) 13... cxd4 14. Bxd4 e5 15. fxe5 dxe5 16. Be3 Nc5 17. Bg5 Rac8 18. Ba2 Bc6 19. a5 bxa5 20. Bxf6 Bxf6 21. Bd5 Bb5 22. Nxb5 axb5 23. Ng4 Bg7 24. Qxb5 Rb8 25. Qc4 Rb4 26. Qe2 Rxb2 27. Rf2 Nb7 28. Rdf1 Nd6 29. Qd3 Rbb8 30. Qg3 Qa7 31. Kh1 Qd4 32. c3 Qc5 33. h3 Qc7 34. Nf6+ Bxf6 35. Rxf6 Qe7 36. Rxg6+ Kh8 37. Rgf6 Rg8 38. Qf2 Rg7 39. Qc5 Rd8 40. Qxa5 Rdg8 {[%emt 0:00:28] unterminated} 41. R6f2 $11 (41. g4 $18) 41... Qh4 42. Qa6 Nxe4 43. Bxe4 Qxe4 44. Qf6 Qd5 45. c4 Qxc4 46. Qxe5 Qc6 47. Rg1 Qe6 48. Qxe6 fxe6 49. Re1 Rg6 50. Rfe2 Re8 51. Re5 Kg7 52. g4 h6 53. Kg2 Kf6 54. Kg3 Rg5 55. R5e4 {[%emt 0:01:42] normal} 1/2-1/2

[Event "-chT Youth Countries 2019"]
[Site "Wuerzburg"]
[Date "2019.10.06"]
[Round "7.6"]
[White "Metzdorf, Matteo"]
[Black "Peglau, Charis"]
[Result "1-0"]
[ECO "B10"]
[WhiteElo "1862"]
[BlackElo "1827"]
[Annotator "NA RC"]
[PlyCount "87"]
[EventDate "2019.10.02"]
[EventType "team-tourn"]
[EventRounds "7"]
[EventCountry "GER"]
[SourceTitle "playchess.com"]
[Source "ChessBase"]
[SourceQuality "1"]
[WhiteTeam "Rheinland-Pfalz"]
[BlackTeam "Sachsen"]
[TimeControl "40/5400+30:1800+30"]

1. e4 c6 2. Nc3 d5 3. Nf3 Nf6 4. e5 Ne4 5. Ne2 Qb6 6. d4 {[%emt 0:00:28] B11: Caro-Kann: Two Knights Variation} e6 {[%emt 0:00:18] unterminated} 7. Ng3 c5 {[%emt 0:00:55] unterminated} 8. Bd3 {[%emt 0:06:04] unterminated} Nxg3 $1 {[%emt 0:02:39] unterminated} 9. fxg3 Nc6 {[%emt 0:00:55] unterminated} 10. O-O cxd4 {[%emt 0:00:59] unterminated} 11. a3 $146 {[%emt 0:07:36] unterminated} ({Predecessor:} 11. Qe2 h6 12. a3 Bd7 13. g4 {½-½ (59) Vachier Lagrave,M (2778)-Nakamura,H (2743) Saint Louis 2019}) 11... Bd7 {[%emt 0:05:07] unterminated} 12. Qe2 {[%emt 0:07:59] unterminated} Be7 {[%emt 0:04:57] unterminated} 13. Ng5 {[%emt 0:05:55] unterminated} Bxg5 14. Bxg5 h6 {[%emt 0:00:29] unterminated} 15. Qh5 {[%emt 0:14:24] unterminated} Rf8 $1 {[%emt 0:11:11] unterminated} ({Don't blunder} 15... Nxe5 $2 16. Bd2 $18) 16. Bd2 O-O-O 17. b4 {[%emt 0:00:08] unterminated} Kb8 18. b5 {[%emt 0:00:47] unterminated} Na5 {[%emt 0:00:54] unterminated} 19. Bb4 ({Don't blunder} 19. Rxf7 $2 Be8 $19 {[%mdl 64] Skewer}) 19... Rh8 20. Bd6+ Ka8 21. Qxf7 g5 22. Be7 Nc4 23. Bxd8 Qxd8 24. Qf6 Qc8 25. a4 Ne3 26. Rf3 Ng4 27. Qe7 Nxe5 28. Rf2 {[%emt 0:00:15] unterminated} Re8 {[%emt 0:09:58] unterminated} 29. Qd6 Ng4 30. Rf7 Rd8 31. Qe7 Ne3 {[%emt 0:01:12] unterminated} 32. Re1 Qb8 33. c3 e5 34. cxd4 exd4 35. Qf6 Ng4 36. Qxd4 h5 37. Bf5 Bxf5 38. Rxf5 Re8 39. Rxe8 Qxe8 40. h3 Nh6 {[%emt 0:02:07] unterminated} 41. Rxd5 Nf7 {[%emt 0:01:12] unterminated} 42. Rd7 h4 43. Rxf7 Qe1+ 44. Rf1 {[%emt 0:00:08] normal} 1-0